 Dungeon Crawl Stone Soup version 0.29.0-4-gdea44cf6ec (webtiles) character file.

Game seed: 6981806042327011694

2733 adizb the Fighter (level 9, -1/76 HPs)
             Began as a Demonspawn Monk on Aug 27, 2022.
             Was an Elder of Nemelex Xobeh.
             Slain by a yak (11 damage)
             ... on level 8 of the Dungeon.
             The game lasted 00:34:09 (6205 turns).

adizb the Fighter (Demonspawn Monk)                 Turns: 6205, Time: 00:34:12

Health: -1/76      AC: 11    Str: 14    XL:     9   Next: 40%
Magic:  14/14      EV:  7    Int: 11    God:    Nemelex Xobeh [****..]
Gold:   261        SH:  0    Dex: 18    Spells: 8/8 levels left

rFire   . . .      SeeInvis .     - Unarmed
rCold   + . .      Faith    .   (no shield)
rNeg    . . .      Spirit   .   g - +0 chain mail
rPois   .          Reflect  .   h - +0 helmet
rElec   .          Harm     .   B - scarf {repulsion}
rCorr   .          Rampage  .   (no gloves)
Will    .....                   z - +0 pair of boots
Stlth   ..........              y - amulet of magic regeneration
HPRegen 0.22/turn               I - ring of protection from cold
MPRegen 0.54/turn               (no ring)

@: repel missiles
A: ignite blood 3, powered by death 1, weakness stinger 2
a: Renounce Religion, Draw Escape, Draw Destruction, Draw Summoning, Triple
Draw, Deal Four


You were on level 8 of the Dungeon.
You worshipped Nemelex Xobeh.
Nemelex Xobeh was greatly pleased with you.
You visited 2 branches of the dungeon, and saw 9 of its levels.
You also visited: Sewer.

You collected 261 gold pieces.

Inventory:

Hand Weapons
 F - a +2 vampiric short sword
Missiles
 k - 6 boomerangs of dispersal
 m - a throwing net (quivered)
 n - 27 poisoned darts
Armour
 g - a +0 chain mail (worn)
 h - a +0 helmet (worn)
 j - a +0 kite shield
 z - a +0 pair of boots (worn)
 B - a scarf of repulsion (worn)
Jewellery
 y - an amulet of magic regeneration (around neck)
 H - a ring of fire
 I - a ring of protection from cold (left hand)
Wands
 f - a wand of digging (7)
 G - a wand of paralysis (4)
 M - a wand of polymorph (8)
Scrolls
 c - 4 scrolls of teleportation
 d - 2 scrolls of magic mapping
 e - 2 scrolls of vulnerability
 q - 4 scrolls of amnesia
 u - a scroll of summoning {unknown}
 v - a scroll of brand weapon {unknown}
 w - a scroll of noise
 x - 2 scrolls of blinking
 A - a scroll of fear
 K - a scroll of enchant armour
 L - a scroll of butterflies
Potions
 a - 3 potions of lignification {unknown}
 b - a potion of ambrosia
 i - 2 potions of heal wounds {unknown}
 l - a potion of resistance
 o - 6 potions of mutation {unknown}
 p - 3 potions of curing {unknown}
 r - 2 potions of brilliance {unknown}
 s - 3 potions of haste {unknown}
 t - 2 potions of invisibility {unknown}
 C - 2 potions of degeneration {unknown}
 D - a potion of might {unknown}
 E - 2 potions of flight {unknown}
 J - a potion of attraction {unknown}


   Skills:
 * Level 9.2 Fighting
 + Level 3.7 Armour
 - Level 2.6 Dodging
 - Level 1.7 Stealth
 + Level 6.1 Unarmed Combat
 * Level 7.9 Invocations


You had 8 spell levels left.
You didn't know any spells.
Your spell library contained the following spells:

 Spells                   Type           Power      Damage    Failure   Level
 Apportation              Tloc           0%         N/A       100%        1
 Beastly Appendage        Tmut           0%         N/A       100%        1
 Sting                    Tmut/Pois      0%         1d3       100%        1
 Poisonous Vapours        Pois/Air       0%         N/A       100%        2
 Wereblood                Tmut           0%         N/A       100%        2
 Spider Form              Tmut/Pois      0%         N/A       100%        3
 Olgreb's Toxic Radiance  Pois           0%         N/A       100%        4
 Alistair's Intoxication  Tmut/Pois      0%         N/A       100%        5


Dungeon Overview and Level Annotations

Branches:
Dungeon (8/15)             Temple (1/1) D:4           Sewer (visited)
   Lair: D:8-11

Altars:
Ashenzari
Cheibriados
Dithmenos
Fedhas
Gozag
Hepliaklqana
Kikubaaqudgha
Nemelex Xobeh
Okawaru
Qazlal
Ru
Sif Muna
Trog
Uskayaw
Vehumet
Wu Jian
Xom
Yredelemnul

Shops:
D:1 ?=*   D:5 [


Innate Abilities, Weirdness & Mutations

Your demonic aura causes all spilled blood to erupt in flames.
You regenerate a little health from kills.
You have a tail ending in a sharp stinger.


Message History

A yak comes into view.
The yak is engulfed in blazing flames.
You kill the yak!
A yak comes into view.
The yak bellows!
You see here a scroll of identify.
N - a scroll of identify
As you read the scroll of identify, it crumbles to dust.
K - a scroll of enchant armour The yak gores you but does no damage.
You punch the yak!
The yak is lightly wounded.
The yak gores you. The yak gores you but does no damage.
You completely miss the yak. You tail-slap the yak.
The yak is lightly wounded.
The yak gores you but does no damage. The yak barely misses you.
The yak gores you! The yak attacks as you move away! The yak gores you!
The yak is engulfed in blazing flames.
The yak attacks as you move away! The yak gores you but does no damage.
You hit the yak.
The yak is lightly wounded.
The yak is engulfed in blazing flames.
The yak gores you. The yak gores you!
* * * LOW HITPOINT WARNING * * *
The yak attacks as you move away! The yak gores you!
* * * LOW HITPOINT WARNING * * *
The yak is engulfed in blazing flames.
The yak snorts and paws the ground.
The yak is engulfed in blazing flames.
Okay, then.
Okay, then.
There are no items here.
You draw a card...
You have drawn the Orb.
Press: ? - help, Shift-Dir - straight line, f - yak
Aim: a yak (almost dead)
Your orb of destruction hits a rock wall. x3
The yak gores you!
You die...
Your body glows with a rainbow of weird colours and disappears.

#.###...###...
#......##
#....##..#
...## #..#
....####.#
.........## ##
.........####.#
##.######..*○##
# .####..##@#
.....###Y##
##...###..#
##..#YY○.#
#....☼.##
#......#
###.....##
#.......#
.....##....#


You could see 2 yaks.

Vanquished Creatures
  Pikel (D:4)
  Sigmund (D:3)
  A yak (D:8)
  A water moccasin (D:6)
  An orc warrior (D:7)
  A black bear (D:7)
  2 sky beasts (D:7)
  A centaur (D:7)
  A phantom (D:6)
  2 kobold brigands (Sewer)
  2 bullfrogs
  A scorpion (D:6)
  5 wights (D:7)
  A howler monkey (D:5)
  3 hounds
  3 orc priests
  3 jellies
  Terence (D:3)
  5 iguanas
  3 orc wizards
  8 adders
  3 shadow imps
  A white imp (D:6)
  8 worms
  11 orcs
  7 bats
  8 endoplasms
  4 giant cockroaches
  4 goblins
  3 hobgoblins
  2 jackals (D:4)
  6 quokkas
  10 ball pythons
  2 frilled lizards (D:3)
  14 kobolds
  11 rats
141 creatures vanquished.

Vanquished Creatures (collateral kills)
  An orc wizard (D:5)
  3 orcs (D:5)
4 creatures vanquished.

Grand Total: 145 creatures vanquished

Notes
Turn   | Place    | Note
-------+----------+-------------------------------------------
     0 | D:1      | adizb the Demonspawn Monk began the quest for the Orb.
     0 | D:1      | Reached XP level 1. HP: 18/18 MP: 1/1
    80 | D:1      | Found a faded altar of an unknown god.
   164 | D:1      | Found Plog's General Store.
   182 | D:1      | Found Danexes's Jewellery Boutique.
   488 | D:1      | Gained mutation: You have a small tail. [demonic ancestry]
   488 | D:1      | Reached XP level 2. HP: 12/24 MP: 2/2
   792 | D:1      | Found Suzouj's Magic Scroll Shop.
  1232 | D:2      | Gained mutation: Your demonic aura sometimes causes spilled
                  | blood to erupt in flames. [demonic ancestry]
  1232 | D:2      | Reached XP level 3. HP: 22/30 MP: 3/3
  1344 | D:2      | Reached skill level 4 in Fighting
  1846 | D:2      | Reached XP level 4. HP: 37/38 MP: 4/4
  2356 | D:3      | Noticed Sigmund
  2412 | D:3      | Killed Sigmund
  2413 | D:3      | Reached skill level 5 in Fighting
  2413 | D:3      | Gained mutation: You regenerate a little health from kills.
                  | [demonic ancestry]
  2413 | D:3      | Reached XP level 5. HP: 31/46 MP: 5/5
  2413 | D:3      | Gained mutation: You have a tail ending in a sharp stinger.
                  | [demonic ancestry]
  2413 | D:3      | Reached XP level 6. HP: 36/52 MP: 6/6
  2517 | D:3      | Noticed Terence
  2537 | D:3      | Killed Terence
  2638 | D:3      | Reached skill level 6 in Fighting
  2689 | D:3      | Found a glowing drain.
  2718 | Sewer    | Entered a sewer
  3091 | D:3      | You fall into a shaft and drop 1 floor!
  3128 | D:4      | Found a staircase to the Ecumenical Temple.
  3138 | Temple   | Entered the Ecumenical Temple
  3316 | Temple   | Became a worshipper of Nemelex Xobeh the Trickster
  3316 | Temple   | Reached * piety under Nemelex Xobeh
  3316 | Temple   | Received a gift from Nemelex Xobeh
  3316 | Temple   | Reached ** piety under Nemelex Xobeh
  3953 | D:4      | Noticed Pikel
  3959 | D:4      | Killed Pikel
  3960 | D:4      | Reached skill level 7 in Fighting
  3960 | D:4      | Reached skill level 1 in Armour
  3960 | D:4      | Reached skill level 5 in Unarmed Combat
  3960 | D:4      | Gained mutation: Your demonic aura often causes spilled
                  | blood to erupt in flames. [demonic ancestry]
  3960 | D:4      | Reached XP level 7. HP: 57/60 MP: 6/9
  4069 | D:5      | Entered Level 5 of the Dungeon
  4114 | D:5      | Gained mutation: Your demonic aura causes all spilled blood
                  | to erupt in flames. [demonic ancestry]
  4114 | D:5      | Reached XP level 8. HP: 60/67 MP: 9/11
  4333 | D:5      | Found Xaug's Antique Armour Shop.
  4675 | D:6      | Reached skill level 5 in Invocations
  4749 | D:6      | Reached skill level 8 in Fighting
  4789 | D:6      | Reached *** piety under Nemelex Xobeh
  5009 | D:6      | Received a gift from Nemelex Xobeh
  5029 | D:6      | Found a hide-covered altar of Uskayaw.
  5647 | D:7      | Reached XP level 9. HP: 71/75 MP: 12/14
  5671 | D:7      | Received a gift from Nemelex Xobeh
  5917 | D:7      | Found a sacrificial altar of Ru.
  5931 | D:7      | Reached skill level 9 in Fighting
  6075 | D:7      | Found a radiant altar of Vehumet.
  6076 | D:7      | Found a shimmering blue altar of Sif Muna.
  6095 | D:7      | Reached **** piety under Nemelex Xobeh
  6205 | D:8      | Slain by a yak

Illustrated notes

Levels and vault maps discovered:
D:1:      denvon_arrival_planthouse, layout_loops_corners,
          hellmonk_ecumenical_altar_pennies_from_heaven, serial_shops,
          nicolae_shop_trees, nicolae_shop_waterfront, shop
D:2:      layout_basic
D:3:      layout_basic, gup_sewer_entry_bubbles, uniq_terence, uniq_sigmund
D:4:      layout_loops_ring, minmay_temple_entry_trees,
          kennysheep_generic_room_9, uniq_pikel
D:5:      layout_gridville, serial_shops, shop_statue
D:6:      layout_loops_ring, eat_drink_and_be_merry_uskayaw, lemuel_round_altar
D:7:      layout_basic, mainiacjoe_overflow_tiny_flanked,
          gammafunk_temple_overflow_claw
D:8:      layout_layer_cave, makhleb_grotto_becter,
          chequers_serial_rivers_small_3
Temple:   nicolae_temple_bog_church

Skill      XL: |  1  2  3  4  5  6  7  8  9 |
---------------+----------------------------+-----
Unarmed Combat | 3 4 5 6 |  6.1
Fighting       | 4 5 7 8 9 |  9.2
Armour         | 1 3 |  3.7
Invocations    | 3 4 6 7 |  7.9
Dodging        | |  2.6
Stealth        | |  1.7

Action                   |  1- 3 |  4- 6 |  7- 9 || total
-------------------------+-------+-------+-------++-------
Melee: Unarmed           |   135 |   276 |   214 ||   625
       Punch             |     4 |     7 |    16 ||    27
       Tailslap          |    14 |    30 |    49 ||    93
Throw: Dart              |       |     8 |       ||     8
       Throwing net      |       |     3 |       ||     3
Invok: Draw Destruction  |       |     2 |     6 ||     8
       Draw Summoning    |       |       |     1 ||     1
  Use: Scroll            |       |     4 |     5 ||     9
 Stab: Sleeping          |     3 |       |       ||     3
Armor: Robe              |     8 |       |       ||     8
       Chain mail        |    61 |   143 |   122 ||   326
Dodge: Dodged            |    44 |    67 |    51 ||   162
       Repelled          |       |       |     1 ||     1
